 Dungeon Crawl Stone Soup version 0.29-a0-294-g83ea962da3 (webtiles) character file.

Game seed: 5714094385537137207

44604 namelastname112 the Covert (level 13, -3/118 HPs)
             Began as a Black Draconian Brigand on Mar 18, 2022.
             Was an Initiate of Gozag.
             Slain by a quicksilver ooze (8 damage)
             ... in an ice cave.
             The game lasted 00:30:07 (23384 turns).

namelastname112 the Covert (DrBr)                  Turns: 23384, Time: 00:30:07

Health: -3/118     AC: 17    Str: 15    XL:     13   Next: 97%
Magic:  0/13       EV: 21    Int: 14    God:    Gozag
Gold:   994        SH:  0    Dex: 16    Spells: 12/12 levels left

rFire   . . .      SeeInvis .   O - +2 dagger (venom)
rCold   + . .      Faith    .   (no shield)
rNeg    . . .      Spirit   .   (body armour unavailable)
rPois   +          Reflect  .   (helmet restricted)
rElec   +          Harm     .   e - +1 cloak of Starlight {*Dazzle EV+4 Stlth--}
rCorr   .          Rampage  .   i - +1 pair of gloves
Will    .....                   g - +0 pair of boots
Stlth   ++++......              M - amulet of Tecreq {Acrobat rPois Int+2 Stlth+}
HPRegen 0.29/turn               r - ring of protection from cold
MPRegen 0.13/turn               t - +4 ring of protection

@: no status effects
A: breathe lightning, AC +8, unfitting armour, electricity resistance,
cold-blooded
a: Breathe Lightning, Renounce Religion, Potion Petition, Call Merchant, Bribe
Branch


You were in an ice cave.
You worshipped Gozag.
Gozag was pleased with you.
You visited 2 branches of the dungeon, and saw 16 of its levels.
You also visited: Ice Cave.

You collected 3218 gold pieces.
You spent 108 gold pieces at shops.
You paid 2116 gold pieces to Gozag.

Inventory:

Hand Weapons
 a - a +3 dagger of freezing
 y - a +4 short sword
 O - a +2 dagger of venom (weapon)
Missiles
 d - 7 curare-tipped darts (quivered)
 E - 12 poisoned darts
Armour
 e - the +1 cloak of Starlight (worn) {*Dazzle EV+4 Stlth--}
   (You acquired it on level 4 of the Dungeon)

   It may blind those who miss an attack against the wearer in melee combat.
   EV:        It affects your evasion (+4).
   Stlth:     It makes you much less stealthy.
 g - a +0 pair of boots (worn)
 i - a +1 pair of gloves (worn)
Jewellery
 b - a +4 ring of evasion
 n - a ring of poison resistance
 r - a ring of protection from cold (left hand)
 t - a +4 ring of protection (right hand)
 B - a ring of protection from fire
 M - the amulet of Tecreq (around neck) {Acrobat rPois Int+2 Stlth+}
   (You took it off a death knight on level 14 of the Dungeon)

   [amulet of the acrobat]

   It increases your evasion while moving and waiting.
   Int:       It affects your intelligence (+2).
   rPois:     It protects you from poison.
   Stlth:     It makes you more stealthy.
Wands
 j - a wand of digging (9)
 K - a wand of paralysis (1)
 L - a wand of charming (5)
 Q - a wand of iceblast (4)
Scrolls
 k - a scroll of blinking
 l - 2 scrolls of vulnerability
 o - a scroll of fear
 x - 12 scrolls of teleportation
 C - 2 scrolls of identify
 H - a scroll of fog
 P - 2 scrolls of amnesia
Potions
 c - a potion of haste
 f - a potion of heal wounds
 h - 8 potions of curing
 m - 3 potions of ambrosia
 p - a potion of magic
 s - a potion of mutation
 v - 2 potions of lignification
 w - 2 potions of attraction
 D - 5 potions of might
 F - 2 potions of brilliance


   Skills:
 + Level 12.1 Fighting
 + Level 11.1 Short Blades
 + Level 10.2 Throwing
 + Level 10.1 Dodging
 * Level 12.6 Stealth


You had 12 spell levels left.
You didn't know any spells.
Your spell library contained the following spells:

 Spells                   Type           Power      Damage    Failure   Level
 Animate Skeleton         Necr           0%         N/A       28%         1
 Apportation              Tloc           0%         N/A       28%         1
 Beastly Appendage        Tmut           0%         N/A       28%         1
 Sting                    Tmut/Pois      0%         1d3       28%         1
 Summon Small Mammal      Summ           0%         N/A       28%         1
 Corpse Rot               Necr/Air       0%         N/A       41%         2
 Poisonous Vapours        Pois/Air       0%         N/A       41%         2
 Sublimation of Blood     Necr           0%         N/A       41%         2
 Wereblood                Tmut           0%         N/A       41%         2
 Call Canine Familiar     Summ           0%         N/A       65%         3
 Dazzling Flash           Conj/Hex       0%         N/A       65%         3
 Ozocubu's Armour         Ice            0%         N/A       65%         3
 Spider Form              Tmut/Pois      0%         N/A       65%         3
 Stone Arrow              Conj/Erth      0%         3d7       65%         3
 Summon Guardian Golem    Hex/Summ       0%         N/A       65%         3
 Dispel Undead            Necr           0%         3d6       96%         4
 Iskenderun's Mystic Bla  Conj/Tloc      0%         2d3       96%         4
 Olgreb's Toxic Radiance  Pois           0%         N/A       96%         4
 Passage of Golubria      Tloc           0%         N/A       96%         4
 Petrify                  Tmut/Erth      0%         N/A       96%         4
 Irradiate                Conj/Tmut      0%         3d13      100%        5
 Metabolic Englaciation   Hex/Ice        0%         N/A       100%        5
 Silence                  Hex/Air        0%         N/A       100%        5
 Summon Forest            Summ/Tloc      0%         N/A       100%        5
 Summon Mana Viper        Hex/Summ       0%         N/A       100%        5
 Death Channel            Necr           0%         N/A       100%        6
 Simulacrum               Ice/Necr       0%         N/A       100%        6
 Starburst                Conj/Fire      0%         6d3       100%        6
 Summon Cactus Giant      Summ           0%         N/A       100%        6
 Lehudib's Crystal Spear  Conj/Erth      0%         10d2      100%        8
 Animate Armour           Summ/Erth      Unusable   N/A       N/A         4

Dungeon Overview and Level Annotations

Branches:
Dungeon (15/15)            Temple (1/1) D:6            Lair (0/6) D:9
    Orc (0/2) D:11         Vaults (0/5) D:13         Depths (0/4) D:15
  IceCv (1/1)

Altars:
Ashenzari
Cheibriados
Dithmenos
Elyvilon
Fedhas
Gozag
Hepliaklqana
Kikubaaqudgha
Makhleb
Nemelex Xobeh
Okawaru
Qazlal
Ru
Sif Muna
Trog
Uskayaw
Vehumet
Wu Jian
Xom
Yredelemnul
Zin
The Shining One
Beogh
Lugonu

Shops:
D:11 :   D:13 =(   D:14 ?

Annotations:
D:3 2 transporters
D:4 3 runed translucent doors, epen's ghost, amateur GnHu
D:12 3 runed translucent doors, robertstho's ghost, journeyman DjIE IceCv exclusion: orange crystal statue


Innate Abilities, Weirdness & Mutations

You can breathe wild blasts of lightning.
Your glossy black scales are hard. (AC +8)
You cannot fit into any form of body armour.
You are resistant to electric shocks. (rElec)
You are cold-blooded and may be slowed by cold attacks.


Message History

The quicksilver ooze looks as sick as possible!!!
The quicksilver ooze is moderately wounded!
Your lungs strain for air!!!
The quicksilver ooze hits you!!! The quicksilver ooze barely misses you!
You take 17 damage, and have 44/118 hp!
The slime creature quivers!
You spit the quicksilver ooze like a pig!
The quicksilver ooze is moderately wounded!
Your lungs strain for air!!!
The quicksilver ooze hits you!
The quicksilver ooze closely misses you!
You take 3 damage, and have 41/118 hp!
You skewer the quicksilver ooze like a kebab!
You tail-slap the quicksilver ooze!
The quicksilver ooze is heavily wounded!
Your lungs strain for air!!!
You take 3 damage, and have 38/118 hp!
You spit the quicksilver ooze like a pig!
The quicksilver ooze is heavily wounded! * * * don't die
* * * Your lungs strain for air!!!
The quicksilver ooze hits you!!! * * * don't die
* * * The quicksilver ooze hits you!!! * * * don't die
* * * You take 26 damage, and have 12/118 hp!
MASSIVE DAMAGE!!!!!!
You slip free of the ooze engulfing you!
The quicksilver ooze attacks as you move away!!!
The quicksilver ooze hits you! x2 * * * don't die
* * * You gasp with relief as air once again reaches your lungs!
The quicksilver ooze misses you!
The quicksilver ooze hits you! * * * don't die
* * * You feel your power leaking away!
There is an ice choked empty arch of ancient stone here!
You take 7 damage, and have 5/118 hp!
There is an ice covered gate leading back out of this place here!
The quicksilver ooze hits you!!! rip Your body crumbles into a pile of gold!

#..##
##$.# #..#
#..##
##..# #..#
###
##.####=##
#..##...#
#...J.J@#
#JJ##...#
##.####.##
#..# ###
#..# ##.##
#..# #..#
#..##


You could see 3 slime creatures and a quicksilver ooze (very poisoned).

Vanquished Creatures
  Fannar (D:12)
  4 vault guards (D:13)
  A rakshasa (D:13)
  3 hydras
  3 boulder beetles
  3 centaur warriors
  9 two-headed ogres
  A catoblepas (D:13)
  A death knight (D:14)
  A tengu warrior (D:13)
  Lodul (D:10)
  2 deep elf pyromancers
  A mana viper (shapeshifter) (D:13)
  11 ugly things
  4 manticores
  4 cyclopes
  8 centaur zombies (D:10)
  3 gargoyles (D:12)
  An unseen horror (D:7)
  2 kobold demonologists
  Maggie (D:6)
  6 komodo dragons
  A rime drake (shapeshifter) (D:13)
  A tengu conjurer (D:13)
  4 yaktaurs
  A freezing wraith (D:13)
  An efreet (D:13)
  3 very ugly thing simulacra (IceCv)
  3 trolls
  A hornet (D:7)
  3 slime creatures (IceCv)
  2 meliai zombies (D:10)
  Sigmund (D:4)
  2 shadows
  2 wraiths
  6 yaks (D:9)
  A vampire (D:7)
  4 wyverns
  A yak (shapeshifter) (D:13)
  2 steam dragons
  2 acid dragons (D:7)
  A water moccasin (D:6)
  2 demonic crawler simulacra (IceCv)
  Duvessa (D:5)
  8 orc warriors
  2 black bears (D:6)
  5 ogres
  5 ice beasts
  2 sky beasts
  5 boggarts (D:14)
  18 centaurs
  4 phantoms
  3 kobold brigands
  A bullfrog (D:7)
  5 necrophages
  A scorpion (D:4)
  15 wights
  Dowan (D:5)
  2 howler monkeys
  A crimson imp (D:4)
  5 hounds
  4 jellies
  6 orc priests
  2 gnoll shamans
  15 iguanas
  11 orc wizards
  A mummy (D:14)
  A howler monkey zombie (D:10)
  6 adders
  14 gnolls
  A shadow imp (D:5)
  3 white imps
  3 worms
  4 dart slugs
  41 orcs
  8 endoplasms
  3 giant cockroaches
  7 goblins
  8 hobgoblins
  4 quokkas
  7 ball pythons
  7 bats
  28 frilled lizards
  15 kobolds
  8 rats
406 creatures vanquished.

Vanquished Creatures (collateral kills)
  A centaur (D:13)
1 creature vanquished.

Vanquished Creatures (others)
  A sky beast (D:7)
  A centaur (D:13)
  47 plants
49 creatures vanquished.

Grand Total: 456 creatures vanquished

Notes
Turn   | Place    | Note
-------+----------+-------------------------------------------
     0 | D:1      | namelastname112 the Draconian Brigand began the quest for
                  | the Orb.
     0 | D:1      | Reached XP level 1. HP: 17/17 MP: 1/1
    56 | D:1      | Reached skill level 1 in Dodging
   111 | D:1      | Reached XP level 2. HP: 21/25 MP: 2/2
   658 | D:1      | Reached XP level 3. HP: 30/30 MP: 3/3
  1855 | D:3      | Found an iron altar of Okawaru.
  1874 | D:3      | Reached XP level 4. HP: 37/37 MP: 4/4
  2059 | D:3      | Noticed an ogre
  2078 | D:3      | Killed an ogre
  2079 | D:3      | Reached XP level 5. HP: 25/45 MP: 5/5
  2527 | D:3      | Found a transporter.
  2536 | D:3      | Found a transporter.
  2851 | D:3      | Found a broken altar of Ashenzari.
  3122 | D:4      | Noticed Sigmund
  3123 | D:4      | Found a runed translucent gate.
  3123 | D:4      | Found a runed translucent gate.
  3123 | D:4      | Found a runed translucent gate.
  3123 | D:4      | Noticed epen's ghost (amateur GnHu)
  3126 | D:4      | Killed Sigmund
  3127 | D:4      | Reached XP level 6. HP: 52/52 MP: 6/6
  3262 | D:4      | Found a hide-covered altar of Uskayaw.
  3262 | D:4      | Noticed an ice beast
  3317 | D:4      | Killed an ice beast
  3318 | D:4      | Reached skill level 5 in Stealth
  3318 | D:4      | Your scales start taking on a glossy black colour.
  3318 | D:4      | Reached XP level 7. HP: 50/60 MP: 7/7
  3318 | D:4      | Gained mutation: You are resistant to electric shocks.
                  | (rElec) [Black Draconian growth]
  3573 | D:4      | HP: 3/60 [bounced beam (9)]
  4061 | D:4      | Reached skill level 5 in Fighting
  4061 | D:4      | Reached XP level 8. HP: 57/68 MP: 8/8
  4818 | D:4      | Identified a scroll of acquirement
  4818 | D:4      | Acquired the +1 cloak of Starlight {*Dazzle EV+4 Stlth--}
  4818 | D:4      | Found the +1 cloak of Starlight {*Dazzle EV+4 Stlth--}
  4979 | D:5      | Entered Level 5 of the Dungeon
  5003 | D:5      | Found a white marble altar of Elyvilon.
  5379 | D:5      | Reached skill level 5 in Short Blades
  5877 | D:5      | You fall into a shaft and drop 1 floor!
  5899 | D:6      | Found an opulent altar of Gozag.
  5936 | D:6      | Noticed Maggie
  5952 | D:6      | Killed Maggie
  5953 | D:6      | Reached skill level 5 in Throwing
  5996 | D:6      | Found a burning altar of Makhleb.
  6086 | D:5      | Noticed Dowan
  6086 | D:5      | Found the +8 Vampire's Tooth {vamp}
  6087 | D:5      | Noticed Duvessa
  6102 | D:5      | Killed Duvessa
  6103 | D:5      | Reached XP level 9. HP: 54/75 MP: 9/9
  6115 | D:5      | Killed Dowan
  6360 | D:5      | Found a sacrificial altar of Ru.
  6958 | D:6      | Reached skill level 5 in Dodging
  7017 | D:6      | Found a snail-covered altar of Cheibriados.
  7188 | D:6      | Found a staircase to the Ecumenical Temple.
  7281 | Temple   | Entered the Ecumenical Temple
  7888 | D:7      | Found a shimmering blue altar of Sif Muna.
  8305 | D:7      | Noticed a boulder beetle
  8320 | D:7      | Killed a boulder beetle
  8321 | D:7      | Reached XP level 10. HP: 22/86 MP: 10/10
  8335 | D:7      | Noticed an orange demon
  8524 | D:7      | Noticed an eight-headed hydra
 10026 | D:7      | Noticed a manticore
 10048 | D:7      | Killed a manticore
 10071 | D:7      | Killed an eight-headed hydra
 10234 | D:7      | Noticed a two-headed ogre
 10545 | D:7      | Reached XP level 11. HP: 95/95 MP: 11/11
 10863 | D:7      | Killed a two-headed ogre
 11013 | D:7      | Found a glowing silver altar of Zin.
 11047 | D:7      | Found an ancient bone altar of Kikubaaqudgha.
 11116 | D:7      | Identified the +7 whip "Qunu" {flame, Str+4}
 11715 | D:9      | Found a shadowy altar of Dithmenos.
 12218 | D:6      | Became a worshipper of Gozag Ym Sagoz the Greedy
 12467 | D:9      | Found a staircase to the Lair.
 13040 | D:10     | Entered Level 10 of the Dungeon
 13052 | D:10     | Noticed a centaur warrior
 13077 | D:10     | Killed a centaur warrior
 13212 | D:10     | Noticed a two-headed ogre
 13228 | D:10     | Killed a two-headed ogre
 13772 | D:10     | Noticed a two-headed ogre
 13772 | D:10     | Noticed a two-headed ogre
 13794 | D:10     | Killed a two-headed ogre
 13814 | D:10     | Killed a two-headed ogre
 14118 | D:10     | Reached skill level 10 in Fighting
 14142 | D:10     | Noticed a two-headed ogre
 14149 | D:10     | Noticed a two-headed ogre
 14154 | D:10     | Noticed a two-headed ogre
 14158 | D:10     | Noticed Lodul
 14164 | D:10     | Killed a two-headed ogre
 14165 | D:10     | Reached XP level 12. HP: 77/106 MP: 12/12
 14175 | D:9      | Killed a two-headed ogre
 14541 | D:10     | Found a basalt altar of Yredelemnul.
 14848 | D:10     | Killed a two-headed ogre
 14855 | D:10     | Killed Lodul
 14856 | D:10     | Reached skill level 10 in Stealth
 14974 | D:11     | Noticed a six-headed hydra
 14995 | D:11     | Killed a six-headed hydra
 16027 | D:11     | Found Laroes's Book Shop.
 16029 | D:11     | Found a staircase to the Orcish Mines.
 16694 | D:12     | Noticed Fannar
 16906 | D:12     | Found a runed translucent gate.
 16907 | D:12     | Found a runed translucent gate.
 16908 | D:12     | Found a runed translucent gate.
 16945 | D:12     | Noticed a boulder beetle
 16976 | D:12     | Killed a boulder beetle
 17187 | D:12     | Killed Fannar
 17188 | D:12     | Reached skill level 10 in Short Blades
 17813 | D:12     | Noticed robertstho's ghost (journeyman DjIE)
 18109 | D:13     | Noticed a tengu warrior
 18117 | D:13     | Killed a tengu warrior
 18235 | D:13     | Reached XP level 13. HP: 73/116 MP: 13/13
 19000 | D:13     | Found a gate to the Vaults.
 20574 | D:13     | Found an ornate altar of the Wu Jian Council.
 21309 | D:14     | Reached skill level 10 in Throwing
 21830 | D:14     | Identified the amulet of Tecreq {Acrobat rPois Int+2
                  | Stlth+}
 22387 | D:14     | Found a snail-covered altar of Cheibriados.
 22491 | D:14     | Found Hana's Magic Scroll Shop.
 22503 | D:14     | Bought 2 scrolls of teleportation for 108 gold pieces
 22603 | D:14     | Reached skill level 10 in Dodging
 23004 | D:15     | Entered Level 15 of the Dungeon
 23040 | D:15     | Found a frozen archway.
 23048 | IceCv    | Entered an ice cave
 23269 | IceCv    | Noticed a quicksilver ooze
 23354 | IceCv    | Noticed a quicksilver ooze
 23382 | IceCv    | HP: 5/118 [quicksilver ooze (2)]
 23384 | IceCv    | Slain by a quicksilver ooze

Illustrated notes

Levels and vault maps discovered:
D:1:      elethiomel_arrival_diamonds, layout_basic, minmay_lizard_pond
D:2:      layout_rooms
D:3:      minmay_skewed_foursquare, layout_basic, mainiacjoe_overflow_brackets,
          gammafunk_temple_overflow_arena, gup_sewer_entry_bowl
D:4:      minmay_angry_zag, layout_basic, eat_drink_and_be_merry_uskayaw,
          gammafunk_ghost_necromancy, minmay_fire_ice_demons, uniq_sigmund
D:5:      layout_layer_cave, mainiacjoe_overflow_paths, elyvilon_altar_3,
          uniq_duvessa
D:6:      layout_basic, nicolae_gozag_seed_capital,
          mainiacjoe_overflow_catwalk_spiral, temple_hall, grunt_ministairs_3,
          uniq_maggie
D:7:      minmay_the_grid_plus_closed [minmay_the_grid_dragon_b,
          minmay_the_grid_x, minmay_the_grid_aliased_spiral,
          minmay_the_grid_garden, minmay_the_grid_prize_four_corners],
          layout_loops_corners, mainiacjoe_overflow_catwalk, minitemple,
          dk_noncrumbling_4, chequers_serial_rivers_room_b, st_stairs_11,
          minmay_puff
D:8:      layout_layer_cave, grunt_decor_cap
D:9:      layout_cave_pods, lemuel_crystal_altar, david_lair_shrubbed
D:10:     layout_rooms, nicolae_yredelemnul_corpse_copse, nicolae_two_hexagons,
          uniq_lodul
D:11:     layout_basic, david_orc_5, serial_shops, shop
D:12:     layout_stronghold, ebering_ghost_rock_garden, uniq_fannar
D:13:     lemuel_reptile_caves, layout_irregular_city,
          lightli_vaults_fourway_checkpoint, chequers_avenue,
          nicolae_wu_jian_glorious_leap
D:14:     layout_rooms, serial_shops, shop, hangedman_decor_opposing,
          minmay_door_square, slow_altar_1
D:15:     hangedman_depths_entry_try_elsewhere_first, layout_rooms,
          portal_ice_cave_entry_pillars_three, nicolae_sif_muna_condensation,
          serial_shops, nicolae_shop_crystal, grunt_decor_one_mirror
Temple:   corrupted_temple
IceCv:    ice_cave_hellmonk_azure_passage

Skill      XL: |  1  2  3  4  5  6  7  8  9 10 11 12 13 |
---------------+----------------------------------------+-----
Dodging        | 1 2 3 4 5 7 8 9 10 | 10.1
Throwing       | 2 3 4 5 6 7 8 9 10 | 10.2
Stealth        | 4 5 6 7 8 9 11 12 | 12.6
Fighting       | 3 4 5 6 7 8 10 11 12 | 12.1
Short Blades   | 3 4 5 6 7 9 10 11 | 11.1

Action                   |  1- 3 |  4- 6 |  7- 9 | 10-12 | 13-15 || total
-------------------------+-------+-------+-------+-------+-------++-------
Melee: Dagger            |   123 |   142 |   529 |  1340 |   651 ||  2785
       Tailslap          |    14 |    18 |    88 |   298 |   132 ||   550
       Punch             |       |     1 |     5 |    17 |    15 ||    38
Throw: Dart              |       |     8 |     5 |    48 |    31 ||    92
Invok: Call Merchant     |       |       |       |       |     2 ||     2
       Potion Petition   |       |       |       |       |     1 ||     1
 Abil: Breathe Lightning |       |       |    10 |    17 |    11 ||    38
Evoke: Wand              |       |       |     5 |    25 |    43 ||    73
  Use: Scroll            |       |       |    12 |    14 |     4 ||    30
       Potion            |       |       |     1 |     2 |     5 ||     8
 Stab: Sleeping          |    14 |     6 |     3 |     2 |     2 ||    27
       Invisible         |       |       |    12 |    28 |    38 ||    78
       Paralysed         |       |       |       |     6 |     1 ||     7
       Distracted        |       |       |       |     5 |     3 ||     8
       Petrified         |       |       |       |       |     5 ||     5
       Petrifying        |       |       |       |       |     1 ||     1
Armor: Skin              |    29 |    40 |   115 |   297 |   125 ||   606
Dodge: Dodged            |    63 |    63 |   369 |   816 |   435 ||  1746
Block: Other             |       |       |    23 |   222 |    73 ||   318
       Reflection        |       |       |       |     3 |     7 ||    10

Table legend: (Time is in decaauts)
 A = Elapsed time spent in this place.
 B = Non-inter-level travel time spent in this place.
 C = Inter-level travel time spent in this place.
 D = Time resting spent in this place.
 E = Time spent auto-exploring this place.
 F = Levels seen in this place.
 G = Mean time per level.
                   A        B        C        D        E       F      G
               +--------+--------+--------+--------+--------+-----+--------+
         Total |  22342 |  21677 |    665 |   4769 |  12938 |  17 | 1314.2 |
       Dungeon |  21948 |  21296 |    652 |   4595 |  12867 |  15 | 1463.2 |
        Temple |     92 |     79 |     13 |      0 |     71 |   1 |   92.0 |
      Ice Cave |    301 |    301 |      0 |    174 |      0 |   1 |  301.0 |
               +--------+--------+--------+--------+--------+-----+--------+

Top non-repeatable levels by time:
     D:7: 2340 daAuts
    D:13: 2264 daAuts
     D:4: 2035 daAuts
    D:14: 1844 daAuts
    D:12: 1800 daAuts
    D:11: 1685 daAuts
     D:8: 1527 daAuts
     D:3: 1505 daAuts
    D:10: 1469 daAuts
     D:9: 1425 daAuts
     D:5: 1407 daAuts
     D:1: 1201 daAuts
     D:6: 1003 daAuts
     D:2: 399 daAuts
   IceCv: 301 daAuts
